 Dungeon Crawl Stone Soup version 0.23-a0-619-g281719c6f9 (webtiles) character file.

149157 Zazzir the Geomancer (level 17, 0/104 HPs)
             Began as a Gargoyle Earth Elementalist on Dec 22, 2018.
             Was the Champion of Vehumet.
             Slain by a shambling mangrove (8 damage)
             ... on level 3 of the Swamp.
             The game lasted 01:41:03 (39743 turns).

Zazzir the Geomancer (Gargoyle Earth Elementalist) Turns: 39743, Time: 01:41:03

Health: 0/104      AC: 22    Str: 14    XL:     17   Next: 50%
Magic:  50/53      EV: 13    Int: 21    God:    Vehumet [******]
Gold:   3340       SH:  5    Dex: 10    Spells: 6/38 levels left

rFire    . . .     SeeInvis .   K - +6 eveningstar (crush)
rCold    . . .     Gourm    .   (no shield)
rNeg     + . .     Faith    .   v - +2 robe {Archmagi}
rPois    ∞         Spirit   .   (helmet restricted)
rElec    +         Reflect  +   o - scarf {repulsion}
rCorr    .         Harm     .   S - +3 pair of gauntlets of War {Slay+5}
MR       +....                  j - +0 pair of boots of Yxi Raol {MP+9 Slay+3}
Stlth    ++........             g - +5 amulet of reflection
HPRegen  0.27/turn              f - ring of wizardry
MPRegen  0.33/turn              R - ring of magical power

@: about to teleport, marked, grasped by roots, flying, constricted, repel
missiles
A: antennae 1, big wings, high mp 1, negative energy resistance 1, sense
surroundings 1, electricity resistance, unbreathing, petrification resistance,
rot immunity, AC +12
a: Stop Flying, Renounce Religion


You were on level 3 of the Swamp.
You worshipped Vehumet.
Vehumet was exalted by your worship.
You were very full.

You visited 6 branches of the dungeon, and saw 28 of its levels.
You also visited: Sewer.

You collected 5286 gold pieces.
You spent 1946 gold pieces at shops.

Inventory:

Hand Weapons
 K - a +6 eveningstar of crushing (weapon)
 P - the +10 mace "Ikleheh" {speed, SInv}
   (You found it on level 12 of the Dungeon)

   Attacks with this weapon are significantly faster.
   It lets you see invisible.
Missiles
 b - 434 stones (quivered)
 E - 2 throwing nets
Armour
 j - the +0 pair of boots of Yxi Raol (worn) {MP+9 Slay+3}
   (You bought it in a shop on level 5 of the Dungeon)

   It affects your accuracy and damage with ranged weapons and melee attacks
   (+3).
   It affects your magic capacity (+9).
 o - a scarf of repulsion (worn)
 v - a +2 robe of the Archmagi (worn)
 S - the +3 pair of gauntlets of War (worn) {Slay+5}
   (You bought it in a shop on level 5 of the Dungeon)

   It affects your accuracy and damage with ranged weapons and melee attacks
   (+5).
Magical Staves
 u - an uncursed staff of conjuration {unknown}
 D - an uncursed staff of wizardry
Jewellery
 f - a ring of wizardry (left hand)
 g - a +5 amulet of reflection (around neck)
 q - an uncursed ring of protection from cold
 y - an uncursed amulet of rage
 R - a ring of magical power (right hand)
 V - an uncursed ring of see invisible
Wands
 e - a wand of paralysis (27)
 A - a wand of acid (32)
 C - a wand of digging (9)
 F - a wand of iceblast (27)
 H - a wand of enslavement (14)
 O - a wand of disintegration (20)
Scrolls
 a - 6 scrolls of magic mapping
 h - 3 scrolls of identify
 m - 9 scrolls of teleportation
 p - 6 scrolls of remove curse
 r - a scroll of immolation
 s - 3 scrolls of fog
 B - 5 scrolls of amnesia
 I - a scroll of blinking
 J - 2 scrolls of enchant armour
 M - 2 scrolls of fear
Potions
 c - 4 potions of berserk rage
 i - 5 potions of haste
 k - 4 potions of invisibility
 l - 5 potions of curing
 n - 4 potions of cancellation
 t - 5 potions of agility
 w - 3 potions of resistance
 x - a potion of brilliance
 z - 6 potions of might
 G - 2 potions of ambrosia
 U - 4 potions of mutation
Miscellaneous
 L - a phial of floods
 W - a box of beasts
Comestibles
 d - 39 rations


   Skills:
 + Level 11.4 Fighting
 + Level 10.4 Maces & Flails
 - Level 6.0 Armour
 + Level 9.0 Dodging
 - Level 2.1 Stealth
 + Level 11.4 Spellcasting
 + Level 12.7 Conjurations
   Level 0.7 Transmutations
 + Level 13.0 Fire Magic
 + Level 14.3 Earth Magic
 - Level 6.0 Evocations


You had 6 spell levels left.
You knew the following spells:

 Your Spells              Type           Power        Failure   Level  Hunger
a - Sandblast             Erth           ######       0%          1    None
b - Stone Arrow           Conj/Erth      ######       1%          3    None
c - Lee's Rapid Deconstr  Erth           #######...   1%          5    ####...
d - Poison Arrow          Conj/Pois      ######....   8%          6    ######.
e - Fireball              Conj/Fire      #######...   1%          5    ####...
f - Iron Shot             Conj/Erth      #######...   1%          6    ######.
g - Bolt of Fire          Conj/Fire      #######...   1%          6    ######.

Your spell library contained the following spells:

 Spells                   Type           Power        Failure   Level  Hunger
 Freezing Cloud           Conj/Ice/Air   #####.....   16%         6    ######.
 Flame Tongue             Conj/Fire      #####        1%          1    None
 Freeze                   Ice            ###.         1%          1    None
 Magic Dart               Conj           ####         1%          1    None
 Passwall                 Tmut/Erth      ######..     1%          2    None
 Searing Ray              Conj           ######       1%          2    None
 Throw Flame              Conj/Fire      ######       1%          2    None
 Throw Frost              Conj/Ice       ######       1%          2    None
 Conjure Flame            Conj/Fire      #######.     1%          3    None
 Dazzling Spray           Conj/Hex       ######       1%          3    None
 Inner Flame              Hex/Fire       ######..     1%          3    None
 Mephitic Cloud           Conj/Pois/Air  #####...     1%          3    None
 Force Lance              Conj/Tloc      ######..     1%          4    #......
 Fulminant Prism          Conj/Hex       ######....   1%          4    #......
 Iskenderun's Mystic Bla  Conj           #######.     1%          4    #......
 Petrify                  Tmut/Erth      ######..     1%          4    #......
 Sticky Flame             Conj/Fire      #######.     1%          4    #......
 Throw Icicle             Conj/Ice       ######..     1%          4    #......
 Iskenderun's Battlesphe  Conj/Chrm      ######..     1%          5    ####...
 Infusion                 Chrm           ###.         2%          1    None
 Blink                    Tloc           N/A          3%          2    None
 Call Imp                 Summ           ###.....     3%          2    None
 Shroud of Golubria       Chrm/Tloc      ###.......   3%          2    None
 Slow                     Hex            ###.....     3%          2    None
 Song of Slaying          Chrm           ###.....     3%          2    None
 Ozocubu's Armour         Chrm/Ice       ###.....     7%          3    None
 Recall                   Summ/Tloc      N/A          7%          3    None
 Regeneration             Chrm/Necr      ###.......   7%          3    None
 Spectral Weapon          Hex/Chrm       ###.....     7%          3    None
 Summon Ice Beast         Ice/Summ       ###.....     22%         4    #......
 Aura of Abjuration       Summ           ###.......   50%         5    ####...
 Summon Demon             Summ           ###.......   50%         5    ####...
 Summon Forest            Summ/Tloc      ###.......   50%         5    ####...
 Summon Mana Viper        Hex/Summ       ###.....     50%         5    ####...
 Shadow Creatures         Summ           N/A          96%         6    ######.


Dungeon Overview and Level Annotations

Branches:
Dungeon (15/15)            Temple (1/1) D:7            Lair (6/6) D:9
  Swamp (3/4) Lair:3       Spider (1/4) Lair:4        Slime (0/5) Lair:5
    Orc (2/2) D:9             Elf (0/3) Orc:2        Vaults (0/5) D:13
 Depths (0/5) D:15

Altars:
Ashenzari
Cheibriados
Dithmenos
Elyvilon
Fedhas
Gozag
Hepliaklqana
Kikubaaqudgha
Makhleb
Nemelex Xobeh
Okawaru
Qazlal
Ru
Sif Muna
Trog
Uskayaw
Vehumet
Wu Jian
Xom
Yredelemnul
Zin
The Shining One

Shops:
D:5 [*[!   D:12 ?   D:15 :   Orc:2 [*(=


Innate Abilities, Weirdness & Mutations

You are resistant to torment.
Your stone body is resilient. (AC +12)
You are immune to poison.
Your large and strong wings let you fly indefinitely.
You resist negative energy. (rN+)
You are resistant to electric shocks. (rElec)
You can survive without breathing.
You are immune to petrification.
You are immune to rotting.
You have a pair of small antennae on your head.
You have an increased reservoir of magic. (+10% MP)
You passively map a small area around you.


Message History

A thorn hunter comes into view.
The swamp drake completely misses you.
As you read the scroll of teleportation, it crumbles to dust.
You feel strangely unstable. The vampire mosquito bites you!
* * * LOW HITPOINT WARNING * * *
The slime creature closely misses you.
Two slime creatures merge to form a large slime creature.
Roots burst forth from the earth!
The grasping roots grab you!
* * * LOW HITPOINT WARNING * * *
The grasping roots constrict you!
You block the vampire mosquito's attack.
The swamp drake breathes noxious fumes at you.
The noxious blast engulfs you!
A spriggan rider comes into view. It is wielding a +0 spear.
The roots' grasp on you weakens, but your attempt to escape fails.
The vampire mosquito bites you.
* * * LOW HITPOINT WARNING * * *
The alligator puts on a burst of speed!
You die...

* * ≈ ♣♣ ♣♣♣♣♣♣≈♣♣♣
≈ ..≈≈..≈≈§♣♣♣♣ ,
≈, ..≈≈≈§§§§...♣♣♣♣
, ≈
...≈.§k@y♣≈.≈≈.♣♣♣
♣♣♣♣♣♣♣♣JJ≈≈.♣≈≈≈.
≈ * ♣{F≈.♣.≈≈.≈♣
♣.≈≈..f≈♣.≈≈
♣.≈≈.≈J≈≈≈..≈..
♣.≈t≈.f♣≈.≈≈♣(≈≈.≈≈
♣♣.i≈≈..♣≈♣♣≈≈♣≈≈≈.
♣.≈≈≈...≈J≈§.≈f.≈♣
♣..≈.≈≈≈(≈≈♣≈.≈.≈♣


You could see a thorn hunter, a shambling mangrove, an alligator, a large slime
creature, 2 slime creatures, a spriggan rider, a spiny frog, a swamp drake and a
vampire mosquito.

Vanquished Creatures
  The ghost of Xyshrip the Executioner, an adept MiBe of Trog (Spider:1)
  Kirke (D:15)
  An orc warlord (Orc:2)
  An emperor scorpion (Spider:1)
  An entropy weaver (Spider:1)
  A dire elephant (Lair:3)
  Azrael (D:15)
  Snorg (D:13)
  An ettin (Orc:2)
  A yaktaur captain (D:15)
  Josephine (D:13)
  12 hydras
  6 ghost crabs (Swamp:2)
  Harold (D:9)
  2 shambling mangroves (Swamp:2)
  7 death yaks
  4 catoblepae
  3 centaur warriors
  10 two-headed ogres
  2 death knights
  8 alligators
  4 orc high priests (Orc:2)
  An ogre mage (D:15)
  A tengu warrior (D:15)
  Urug (Lair:1)
  Sonja (Lair:6)
  5 skeletal warriors (D:13)
  6 spriggan druids (Swamp:2)
  A wizard (D:13)
  Pikel (D:4)
  A swamp dragon (Swamp:3)
  5 orc knights
  3 orb spiders (Spider:1)
  3 harpies (D:12)
  3 wolf spiders (Spider:1)
  5 oklob plants
  4 manticores
  4 orc sorcerers
  3 ugly things (D:15)
  2 deep elf magi
  A cyclops (D:12)
  16 elephants
  A centaur zombie (D:13)
  3 black mambas (Lair:4)
  Maurice (Orc:2)
  3 apocalypse crabs (Swamp:2)
  2 gargoyles
  A molten gargoyle (D:13)
  2 torpor snails
  3 rime drakes
  19 spiny frogs
  2 freezing wraiths (D:15)
  6 komodo dragons
  A demonic crawler (Spider:1)
  A yaktaur (D:15)
  4 jumping spiders
  3 meliai (Lair:4)
  A polar bear (Lair:2)
  A queen bee (Lair:4)
  9 trolls
  10 hornets
  6 tyrant leeches
  3 bog bodies
  26 slime creatures
  A harpy skeleton (D:15)
  A hornet (shapeshifter) (D:13)
  5 blink frogs
  A meliai zombie (D:15)
  14 dream sheep
  10 hippogriffs
  3 vampires
  5 wraiths
  2 tarantellas (Spider:1)
  5 spriggans
  Sigmund (D:2)
  20 redbacks
  2 shadows
  5 wyverns
  58 yaks
  5 hogs (D:15)
  3 hungry ghosts
  7 basilisks
  9 vampire mosquitoes
  A steam dragon (D:12)
  6 swamp worms
  3 insubstantial wisps
  5 wargs
  3 hell hounds (D:15)
  2 soldier ants
  2 acid dragons (D:13)
  11 porcupines
  12 water moccasins
  37 orc warriors
  3 black bears
  5 sky beasts
  A slave (D:4)
  A swamp drake (Swamp:1)
  2 ice beasts
  2 phantoms
  13 ogres
  12 wolves
  12 centaurs
  14 crocodiles
  A big kobold (D:10)
  A gnoll sergeant (Orc:1)
  11 bullfrogs
  2 wyvern skeletons
  3 scorpions
  A water moccasin skeleton (D:4)
  41 killer bees
  14 wights
  6 howler monkeys
  2 electric eels (D:9)
  9 crimson imps
  10 hounds
  3 quasits
  2 bullfrog zombies
  7 centaur skeletons
  23 orc priests
  41 orc wizards
  3 bullfrog skeletons
  4 jellies
  A hell rat (Lair:4)
  11 worker ants
  5 iguanas
  2 merfolk sirens (Sewer)
  A merfolk avatar (Sewer)
  A hound skeleton (D:4)
  9 adders
  14 gnolls
  3 river rats
  2 shadow imps
  7 oozes
  5 worms
  5 dart slugs
  14 leopard geckos
  97 orcs
  7 giant cockroaches
  4 goblins
  10 hobgoblins
  12 jackals
  7 quokkas
  8 ball pythons
  A ball python skeleton (D:6)
  5 bats
  5 frilled lizards
  10 kobolds
  A leopard gecko zombie (D:5)
  29 rats
  3 bushes (Lair:3)
  3 plants
  A withered plant (D:12)
1016 creatures vanquished.

Vanquished Creatures (others)
  A centaur warrior (D:13)
  A slave (D:4)
  An ogre (D:4)
  A hound (D:4)
  An orc (Orc:2)
  49 fungi
  13 plants
67 creatures vanquished.

Grand Total: 1083 creatures vanquished

Notes
Turn   | Place    | Note
-------+----------+-------------------------------------------
     0 | D:1      | Zazzir the Gargoyle Earth Elementalist began the quest for
                  | the Orb.
     0 | D:1      | Reached XP level 1. HP: 10/10 MP: 3/3
   316 | D:1      | Reached skill level 4 in Earth Magic
   316 | D:1      | Reached XP level 2. HP: 15/15 MP: 0/5
   868 | D:1      | Reached XP level 3. HP: 19/19 MP: 4/6
   873 | D:1      | Learned a level 3 spell: Stone Arrow
  1476 | D:2      | Reached skill level 1 in Conjurations
  1627 | D:2      | Found a glowing silver altar of Zin.
  1627 | D:2      | Found a white marble altar of Elyvilon.
  1636 | D:2      | Noticed Sigmund
  1704 | D:2      | Killed Sigmund
  1704 | D:2      | Reached skill level 5 in Earth Magic
  1704 | D:2      | Reached XP level 4. HP: 13/24 MP: 0/9
  1704 | D:2      | Reached XP level 5. HP: 16/28 MP: 0/10
  1834 | D:2      | Learned a level 5 spell: Lee's Rapid Deconstruction
  1880 | D:2      | Found an ornate altar of the Wu Jian Council.
  1880 | D:2      | Found an opulent altar of Gozag.
  1881 | D:2      | Found a shattered altar of Ashenzari.
  2184 | D:2      | Reached XP level 6. HP: 32/32 MP: 7/11
  2589 | D:3      | Found a radiant altar of Vehumet.
  2596 | D:3      | Became a worshipper of Vehumet
  2921 | D:3      | Reached skill level 6 in Earth Magic
  3356 | D:4      | Reached XP level 7. HP: 29/36 MP: 13/13
  3567 | D:4      | Found a snail-covered altar of Cheibriados.
  3585 | D:3      | Found an opulent altar of Gozag.
  3588 | D:3      | Reached * piety under Vehumet
  3588 | D:3      | Offered knowledge of Magic Dart by Vehumet.
  3742 | D:4      | Noticed Pikel
  3788 | D:4      | Killed Pikel
  3788 | D:4      | Reached skill level 5 in Spellcasting
  3788 | D:4      | Reached skill level 5 in Conjurations
  3788 | D:4      | Reached skill level 7 in Earth Magic
  3788 | D:4      | Reached XP level 8. HP: 12/41 MP: 0/16
  4111 | D:5      | Entered Level 5 of the Dungeon
  4134 | D:5      | Found Diteam's Distillery.
  4299 | D:5      | Found Nesaokag's Antique Armour Shop.
  4394 | D:5      | Found Pokef's Armour Boutique.
  4407 | D:5      | Found Koqogruh's Assorted Antiques.
  4474 | D:5      | Bought a lumpy cyan potion for 18 gold pieces
  4474 | D:5      | Bought a scroll labeled OLLIOSS WUIX for 21 gold pieces
  4474 | D:5      | Bought a serpentine glass ring for 105 gold pieces
  4497 | D:5      | Identified the ring "Analoneo" {rPois rN+ Str-2 Dex+2
                  | Stlth+} (You bought it in a shop on level 5 of the Dungeon)
  4505 | D:5      | Reached skill level 8 in Earth Magic
  5205 | D:6      | Reached skill level 1 in Fighting
  5205 | D:6      | Reached skill level 1 in Maces & Flails
  5205 | D:6      | Reached skill level 1 in Armour
  5205 | D:6      | Reached XP level 9. HP: 46/47 MP: 13/18
  5292 | D:6      | Reached skill level 1 in Evocations
  5322 | D:6      | Reached ** piety under Vehumet
  5322 | D:6      | Offered knowledge of Sting by Vehumet.
  5438 | D:6      | Found a glowing drain.
  5445 | Sewer    | Entered a sewer
  5748 | Sewer    | Offered knowledge of Static Discharge by Vehumet.
  5798 | Sewer    | Reached *** piety under Vehumet
  6310 | D:6      | Offered knowledge of Conjure Flame by Vehumet.
  6784 | D:7      | Found a sparkling altar of Nemelex Xobeh.
  7386 | D:7      | Found a staircase to the Ecumenical Temple.
  7396 | Temple   | Entered the Ecumenical Temple
  7687 | D:7      | Found a bloodstained altar of Trog.
  7742 | D:8      | Reached skill level 9 in Earth Magic
  7775 | D:8      | Found a deep blue altar of Sif Muna.
  7776 | D:8      | Found a burning altar of Makhleb.
  8032 | D:8      | Noticed a two-headed ogre
  8038 | D:8      | Killed a two-headed ogre
  8038 | D:8      | Reached **** piety under Vehumet
  8038 | D:8      | Reached XP level 10. HP: 56/56 MP: 11/20
  8689 | D:9      | Offered knowledge of Dazzling Spray by Vehumet.
  9035 | D:9      | Found a staircase to the Orcish Mines.
  9055 | D:9      | Found a staircase to the Lair.
  9904 | D:9      | Noticed Harold
  9916 | D:9      | Killed Harold
  9916 | D:9      | Reached XP level 11. HP: 62/62 MP: 12/21
  9944 | D:9      | Reached ***** piety under Vehumet
  9944 | D:9      | Offered knowledge of Iskenderun's Mystic Blast by Vehumet.
 10152 | D:9      | Reached skill level 10 in Earth Magic
 10432 | D:9      | Reached skill level 5 in Fighting
 10658 | D:10     | Entered Level 10 of the Dungeon
 10962 | D:10     | Reached skill level 5 in Armour
 11040 | D:10     | Noticed a two-headed ogre
 11046 | D:10     | Killed a two-headed ogre
 11439 | D:11     | Noticed a five-headed hydra
 11444 | D:11     | Killed a five-headed hydra
 11673 | D:11     | Reached skill level 5 in Maces & Flails
 11674 | D:11     | Noticed a death knight
 11700 | D:10     | Killed a death knight
 12321 | D:12     | Noticed a two-headed ogre
 12325 | D:12     | Killed a two-headed ogre
 12325 | D:12     | Reached skill level 5 in Evocations
 12325 | D:12     | Reached XP level 12. HP: 70/70 MP: 14/23
 12451 | D:12     | Reached skill level 5 in Dodging
 12755 | D:12     | Got an ivory mace
 12757 | D:12     | Identified the +10 mace "Ikleheh" {speed, SInv} (You found
                  | it on level 12 of the Dungeon)
 13049 | D:12     | Found Imynist's Magic Scroll Boutique.
 13311 | D:12     | Noticed a catoblepas
 13315 | D:12     | Killed a catoblepas
 13315 | D:12     | Reached skill level 11 in Earth Magic
 13677 | D:13     | Noticed Josephine
 13681 | D:13     | Killed Josephine
 13878 | D:13     | Noticed a centaur warrior
 13892 | D:13     | Killed a centaur warrior
 13932 | D:13     | Noticed a two-headed ogre
 13948 | D:13     | Reached XP level 13. HP: 74/76 MP: 11/25
 14151 | D:13     | Reached skill level 10 in Conjurations
 15084 | D:13     | HP: 3/78 [skeletal warrior/+0 glaive[a skeletal warrior]
                  | (15)]
 15564 | D:13     | Found a gate to the Vaults.
 15641 | D:13     | Reached skill level 12 in Earth Magic
 15659 | D:13     | Noticed Snorg
 15666 | D:13     | Killed Snorg
 16542 | D:13     | Got a twisted trident
 16543 | D:13     | Identified the +6 trident "Ickin" {pierce, +Rage rC++} (You
                  | found it on level 13 of the Dungeon)
 16630 | D:14     | Gained mutation: You have a pair of small antennae on your
                  | head. [potion of mutation]
 16630 | D:14     | Gained mutation: You passively map a small area around you.
                  | [potion of mutation]
 16630 | D:14     | Gained mutation: You have an increased reservoir of magic.
                  | (+10% MP) [potion of mutation]
 16837 | D:14     | Offered knowledge of Spellforged Servitor by Vehumet.
 17265 | Lair:1   | Entered Level 1 of the Lair of Beasts
 17688 | Lair:1   | Gained mutation: Your large and strong wings let you fly
                  | indefinitely. [Gargoyle growth]
 17688 | Lair:1   | Reached XP level 14. HP: 84/84 MP: 30/30
 17959 | Lair:1   | Noticed Urug
 17968 | Lair:1   | Killed Urug
 20056 | Lair:3   | Reached skill level 10 in Spellcasting
 20208 | Lair:3   | Noticed a dire elephant
 20234 | Lair:3   | Killed a dire elephant
 20376 | Lair:3   | Offered knowledge of Poison Arrow by Vehumet.
 20851 | Lair:3   | Reached skill level 13 in Earth Magic
 20859 | Lair:3   | Learned a level 6 spell: Poison Arrow
 21034 | Lair:3   | Learned a level 5 spell: Fireball
 21211 | D:5      | Bought the +3 pair of gauntlets of War {Slay+5} for 1187
                  | gold pieces
 21211 | D:5      | Found the +3 pair of gauntlets of War {Slay+5}
 21418 | Lair:3   | Reached skill level 1 in Fire Magic
 21568 | Lair:3   | Found a staircase to the Swamp.
 22939 | Lair:4   | Found a hole to the Spider Nest.
 22942 | Lair:4   | Reached skill level 5 in Fire Magic
 23072 | Lair:4   | Reached ****** piety under Vehumet
 23100 | Lair:5   | Reached XP level 15. HP: 23/92 MP: 32/32
 23688 | Lair:4   | Identified a scroll of acquirement
 23963 | D:5      | Bought the cursed +0 pair of boots of Yxi Raol {MP+9
                  | Slay+3} for 480 gold pieces
 24168 | Lair:4   | Offered knowledge of Orb of Destruction by Vehumet.
 24787 | Lair:4   | Learned a level 7 spell: Orb of Destruction
 25187 | Lair:5   | Found a blossoming altar of Fedhas.
 25523 | D:12     | Bought a scroll of enchant weapon for 135 gold pieces
 26029 | Lair:5   | Found a staircase to the Slime Pits.
 26299 | Lair:6   | Entered Level 6 of the Lair of Beasts
 26718 | Lair:6   | Noticed Sonja
 26728 | Lair:6   | Killed Sonja
 26728 | Lair:6   | Reached skill level 10 in Fire Magic
 27509 | Lair:6   | Offered knowledge of Bolt of Fire by Vehumet.
 27517 | Lair:6   | Learned a level 6 spell: Bolt of Fire
 28558 | Lair:6   | Got a crude great mace
 28566 | Lair:6   | Identified the +5 great mace "Mofimerch" {venom, Int+3}
                  | (You found it on level 6 of the Lair of Beasts)
 28722 | Orc:1    | Entered Level 1 of the Orcish Mines
 29296 | Orc:2    | Entered Level 2 of the Orcish Mines
 29337 | Orc:2    | Noticed an orc warlord
 29337 | Orc:2    | Noticed Maurice
 29342 | Orc:2    | Paralysed by an orc sorcerer for 5 turns
 29351 | Orc:2    | Killed Maurice
 29351 | Orc:2    | Offered knowledge of Iron Shot by Vehumet.
 29351 | Orc:2    | Reached XP level 16. HP: 29/97 MP: 33/33
 29351 | Orc:2    | Reached skill level 10 in Fighting
 29631 | Orc:2    | Found a staircase to the Elven Halls.
 30429 | Orc:2    | Found Sourphouv's General Store.
 30430 | Orc:2    | Found Iroa's Jewellery Emporium.
 30432 | Orc:2    | Found Qayz's Antique Armour Shoppe.
 30432 | Orc:2    | Found Ufiazuk's Antique Weapon Shoppe.
 30697 | D:15     | Entered Level 15 of the Dungeon
 30852 | D:14     | Learned a level 6 spell: Iron Shot
 31115 | D:15     | Identified the +2 leather armour "Dywis" {Int+3} (You found
                  | it on level 15 of the Dungeon)
 31130 | D:15     | Noticed Kirke
 31140 | D:15     | Killed Kirke
 31140 | D:15     | Offered knowledge of Freezing Cloud by Vehumet.
 31522 | D:15     | Noticed Azrael
 31525 | D:15     | Killed Azrael
 31681 | D:15     | Found Qoosadghi's Book Shoppe.
 31746 | D:15     | Found a blossoming altar of Fedhas.
 32521 | D:15     | Found a staircase to the Depths.
 33461 | Spider:1 | Entered Level 1 of the Spider Nest
 33720 | Spider:1 | Found a runed door.
 33727 | Spider:1 | Noticed Xyshrip's ghost (adept MiBe)
 33738 | Spider:1 | Killed Xyshrip's ghost
 36074 | Swamp:1  | Entered Level 1 of the Swamp
 36189 | Swamp:1  | Reached skill level 10 in Maces & Flails
 36543 | Swamp:1  | Reached XP level 17. HP: 75/104 MP: 35/35
 37310 | Swamp:2  | Found a runed door.
 37373 | Swamp:2  | Reached skill level 14 in Earth Magic
 37818 | Swamp:2  | Identified Dezxorashru's Reference Book on Attacks
 39743 | Swamp:3  | Slain by a shambling mangrove

Vault maps used:
D:1:      arrival_zaba_pyramid, minmay_strange_pillars
D:2:      grunt_temple_overflow_open, gammafunk_temple_overflow_elements,
          uniq_sigmund
D:3:      lemuel_upstairs_altar, lemuel_doored_altar
D:4:      kennysheep_slug_shrine, uniq_pikel
D:5:      serial_shops, nicolae_shop_crystal, nicolae_shop_overgrown_old_shop,
          nicolae_shop_statue_plus, shop, first_ration
D:6:      gup_sewer_entry_spiral, hangedman_decor_clover_reticule,
          grunt_ministairs_15
D:7:      lemuel_coloured_pillars_altar, minmay_temple_entry_butterflies,
          basic_altar, the_bakery
D:8:      gammafunk_temple_overflow_pools, chequers_serial_rivers_room_a,
          kennysheep_generic_room_13
D:9:      erik_lair_island, erik_orc_3, uniq_harold
D:12:     serial_shops, nicolae_shop_behind_doors, minmay_misc_feat_pillars,
          argonaut_gorgonesque
D:13:     david_vaults_1, uniq_josephine, uniq_snorg
D:15:     grunt_enter_depths_snipers, fedhas_altar_1, serial_shops, shop,
          uniq_azrael, uniq_kirke
Temple:   hc_temple_tempest_star
Lair:1:   chequers_serial_rivers_marsh, eino_small_chamber_without_monster,
          minivault_23, uniq_urug
Lair:3:   mu_elephants_graveyard, swamp_mist, serial_forest,
          infiniplex_forest_side_room, infiniplex_forest_clump_tiny,
          infiniplex_forest_straight_3, infiniplex_forest_straight_5,
          infiniplex_forest_clump_tiny, infiniplex_forest_corner_1,
          infiniplex_forest_straight_4, infiniplex_forest_zigzag_1,
          beast_lair_carwin_3, minmay_lair_oklob_chamber, serial_bayou_shore_a
Lair:4:   regret_index_bee_streams, spider_nest_entry_funnel_web,
          minmay_shattered_shrine
Lair:5:   nicolae_slime_entry_slimehenge, basic_altar,
          chequers_serial_rivers_micro_e
Lair:6:   evilmike_catoblepas_cave, lemuel_fruit_tree, uniq_sonja
Swamp:1:  hangedman_swamp_blocks, swamp_pool1
Swamp:2:  gammafunk_mikee_crab_dinner, evilmike_swamp_ruin_house_5, swamp_pool4
Swamp:3:  evilmike_swamp_ruin_house_2, swamp_pool1, infiniplex_staircase_pool_2
Spider:1: ebering_ghost_reflecting_pool
Orc:1:    sword_in_stone
Orc:2:    st_orc_congregation, mines3_lemuel, uniq_maurice
Sewer:    sewer_sea

Skill      XL: |  1  2  3  4  5  6  7  8  9 10 11 12 13 14 15 16 17 |
---------------+----------------------------------------------------+-----
Earth Magic    | 4 5 6 7 8 9 10 11 12 13 14 | 14.3
Conjurations   | 2 3 5 6 7 8 9 10 11 12 | 12.7
Spellcasting   | 3 4 5 6 7 8 9 10 11 | 11.4
Fighting       | 1 3 4 6 7 8 9 10 11 | 11.4
Maces & Flails | 1 3 4 5 6 8 9 10 | 10.4
Armour         | 1 3 4 5 6 |  6.0
Evocations     | 3 5 6 |  6.0
Dodging        | 3 4 5 7 8 9 |  9.0
Fire Magic     | 6 12 13 | 13.0
Stealth        | |  2.1
Transmutations | |  0.7

Action                   |  1- 3 |  4- 6 |  7- 9 | 10-12 | 13-15 | 16-18 || total
-------------------------+-------+-------+-------+-------+-------+-------++-------
Melee: Unarmed           |     4 |       |       |       |       |       ||     4
       Club              |     2 |       |       |       |       |       ||     2
       Short sword       |    93 |    15 |       |       |       |       ||   108
       Whip              |       |    96 |   321 |       |       |       ||   417
       Flail             |       |       |    40 |   215 |       |       ||   255
       Mace              |       |       |       |   150 |   702 |       ||   852
       Trident           |       |       |       |       |     7 |       ||     7
       Eveningstar       |       |       |       |       |   345 |   550 ||   895
 Cast: Sandblast         |    17 |    25 |    63 |   148 |   136 |     2 ||   391
       Stone Arrow       |     4 |     1 |    11 |    22 |    45 |       ||    83
       Lee's Rapid Decon |       |       |    12 |    51 |    99 |     3 ||   165
       Fireball          |       |       |       |       |     9 |       ||     9
       Bolt of Fire      |       |       |       |       |     2 |    60 ||    62
       Iron Shot         |       |       |       |       |       |    17 ||    17
       Orb of Destructio |       |       |       |       |       |     1 ||     1
 Abil: Fly               |       |       |       |       |     1 |       ||     1
Evoke: Phial of floods   |       |       |       |     1 |     1 |       ||     2
       Wand              |       |       |       |       |     1 |       ||     1
  Use: Scroll            |       |    12 |    11 |     8 |    22 |     8 ||    61
       Potion            |       |       |     1 |     1 |     9 |     6 ||    17
 Stab: Sleeping          |     1 |       |    18 |     2 |     4 |       ||    25
       Distracted        |       |       |       |     1 |     2 |       ||     3
  Eat: Chunk             |     3 |     6 |    16 |    25 |    55 |    33 ||   138
       Ration            |       |       |     1 |     2 |     5 |    10 ||    18
Armor: Robe              |    39 |    39 |   164 |   178 |   476 |   325 ||  1221
Dodge: Dodged            |    85 |    68 |   203 |   302 |   876 |   513 ||  2047
       Deflected         |       |       |     3 |     8 |    13 |     9 ||    33
Block: Other             |       |     8 |    92 |   116 |   278 |   152 ||   646
       Reflection        |       |       |       |     5 |     7 |     2 ||    14

Table legend:
 A = Non-vault XP
 B = Vault XP
 C = Vault XP percentage of total XP
 D = Non-vault monster count
 E = Vault monster count
 F = Vault count percentage of total count
                 A         B        C        D         E       F
            +---------+---------+-------+---------+---------+-------
      Total |  130535 |   82547 |  38.7 |     689 |     320 |  31.7
            +---------+---------+-------+---------+---------+-------
        D:1 |      43 |       0 |   0.0 |      18 |       0 |   0.0
        D:2 |     136 |     212 |  60.9 |      29 |       1 |   3.3
        D:3 |     125 |       0 |   0.0 |      16 |       0 |   0.0
        D:4 |     373 |     655 |  63.7 |      15 |       2 |  11.8
        D:5 |     486 |       0 |   0.0 |      22 |       0 |   0.0
        D:6 |     932 |      33 |   3.4 |      29 |       8 |  21.6
        D:7 |     681 |     215 |  24.0 |      16 |       1 |   5.9
        D:8 |    1474 |      43 |   2.8 |      16 |       1 |   5.9
        D:9 |    3340 |    1989 |  37.3 |      37 |      27 |  42.2
       D:10 |    3311 |       0 |   0.0 |      33 |       0 |   0.0
       D:11 |    2954 |       0 |   0.0 |      35 |       0 |   0.0
       D:12 |    6493 |    3314 |  33.8 |      34 |       7 |  17.1
       D:13 |   17294 |    5257 |  23.3 |      60 |      11 |  15.5
       D:14 |    4310 |       0 |   0.0 |      15 |       0 |   0.0
       D:15 |   14419 |    7050 |  32.8 |      36 |      13 |  26.5
     Lair:1 |    6279 |     815 |  11.5 |      18 |       1 |   5.3
     Lair:2 |    5552 |       0 |   0.0 |      22 |       0 |   0.0
     Lair:3 |    3597 |   10715 |  74.9 |      15 |      24 |  61.5
     Lair:4 |    3807 |   13657 |  78.2 |      14 |      69 |  83.1
     Lair:5 |    4922 |     132 |   2.6 |      25 |       6 |  19.4
     Lair:6 |    9397 |   12241 |  56.6 |      38 |      24 |  38.7
    Swamp:1 |    3883 |       0 |   0.0 |      12 |       0 |   0.0
    Swamp:2 |   16858 |   10420 |  38.2 |      42 |      14 |  25.0
    Swamp:3 |    2671 |       0 |   0.0 |       6 |       0 |   0.0
   Spider:1 |   12985 |    2168 |  14.3 |      34 |       1 |   2.9
      Orc:1 |    2378 |     972 |  29.0 |      32 |       4 |  11.1
      Orc:2 |    1835 |   12478 |  87.2 |      20 |      66 |  76.7
      Sewer |       0 |     181 | 100.0 |       0 |      40 | 100.0
            +---------+---------+-------+---------+---------+-------
